 Dungeon Crawl Stone Soup version 0.31-a0-177-g4aa6249778 (webtiles) character file.

Game seed: 9036867065837836554

238 qw the Shooter (level 6, -1/56 HPs)
             Began as a Naga Hunter on June 18, 2023.
             Slain by a gnoll
             ... wielding a +0 spear
              (6 damage)
             ... on level 4 of the Dungeon.
             The game lasted 00:01:51 (2882 turns).

qw the Shooter (Naga Hunter)                        Turns: 2882, Time: 00:01:52

Health: -1/56      AC:  3    Str: 13    XL:     6   Next: 7%
Magic:  6/6        EV:  9    Int: 10    God:
Gold:   98         SH:  0    Dex: 16    Spells: 5/5 levels left

rFire   . . .        Y - +0 shortbow
rCold   . . .        (shield currently unavailable)
rNeg    . . .        c - +0 leather armour
rPois   +            (no helmet)
rElec   .            (no cloak)
rCorr   .            (no gloves)
SInv    +            (no barding)
Will    .....        (no amulet)
Stlth   ++           h - +4 ring of slaying {mikee}
HPRegen 0.29/turn    (no ring)
MPRegen 0.10/turn

%: no passive effects
@: short of breath, very slow
A: AC +2, large, see invisible, deformed body, poison resistance, slowness 2,
spit poison 1, naga tail 1
a: Spit Poison


You were on level 4 of the Dungeon.
You visited 1 branch of the dungeon, and saw 4 of its levels.

You collected 126 gold pieces.
You spent 28 gold pieces at shops.


Innate Abilities, Weirdness & Mutations

Your serpentine skin is tough. (AC +2)
You have supernaturally acute eyesight. (SInv)
Armour fits poorly on your strangely shaped body.
Your system is resistant to poisons. (rPois)
You cover ground very slowly.
You can spit poison.
You have a snake-like lower body.


   Skills:
 + Level 3.2 Fighting
 - Level 6.0 Ranged Weapons
 - Level 1.5 Dodging
 - Level 1.5 Stealth


You had 5 spell levels left.
You didn't know any spells.
Your spell library was empty.

Inventory:

Hand Weapons
 Y - a +0 shortbow (weapon)
Armour
 c - a +0 leather armour (worn)
Jewellery
 h - a +4 ring of slaying (left hand) {mikee}
Scrolls
 b - a scroll of identify
Potions
 d - a potion of curing
 e - a potion of attraction {unknown}
 f - a potion of brilliance {unknown}
 g - a potion of ambrosia {unknown}
 i - a potion of enlightenment {unknown}

Dungeon Overview and Level Annotations

Branches:
Dungeon (4/15)
 Temple: D:4-7

Altars:
Uskayaw
Yredelemnul

Shops:
D:2 ?

Annotations:
D:3 3 runed translucent doors, qw's ghost, amateur NaHu


Message History

The gnoll barely misses you.
The gnoll hits you from afar with a +0 spear.
You shoot an arrow.
The arrow hits the gnoll but does no damage.
The gnoll is severely wounded.
The gnoll barely misses you. x2
You shoot an arrow. The arrow hits the gnoll.
The gnoll is almost dead.
The gnoll hits you with a +0 whip. The gnoll misses you.
You shoot an arrow. The arrow barely misses the gnoll.
You have got your breath back.
The gnoll hits you from afar with a +0 spear.
The gnoll hits you with a +0 whip.
2876 ||| INVOKING Spit Poison.
Aiming: Spit Poison (1% risk of failure)
Press: ? - help, Shift-Dir - straight line, f/p - gnoll The splash of poison hits the gnoll.
The gnoll is poisoned.
You kill the gnoll!
The gnoll hits you from afar with a +0 spear!
You shoot an arrow. The arrow hits the gnoll!
The gnoll is heavily wounded.
The gnoll hits you from afar with a +0 spear.
You shoot an arrow. The arrow hits the gnoll.
The gnoll is severely wounded.
The gnoll hits you from afar with a +0 spear!
You shoot an arrow. The arrow barely misses the gnoll.
The gnoll hits you from afar with a +0 spear.
You shoot an arrow. The arrow hits the gnoll.
The gnoll is almost dead.
You have got your breath back.
The gnoll barely misses you. x2
2881 ||| INVOKING Spit Poison.
Aiming: Spit Poison (1% risk of failure)
Press: ? - help, Shift-Dir - straight line, f/p - gnoll The splash of poison hits the gnoll but does no damage.
The gnoll is almost dead.
The gnoll hits you from afar with a +0 spear.
You shoot an arrow. The arrow barely misses the gnoll.
The gnoll hits you from afar with a +0 spear.
You die...

#. #..##.........# #.
#..##.........# #<
#..##.........# #)
#.)##.........# ####+#.
..##.........#
...)..g###.##.........#
.......)...##...%.....#
...$...@.......>......#
.......########.#######
....$.. #.# ....... #.#
....... ##### #.#
....... #...###'##
....... #...##...#
....... #...##...#
#...##...#######


You could see a gnoll.

Vanquished Creatures
  A scorpion (D:4)
  A hound (D:3)
  3 gnolls (D:4)
  5 adders
  A worm (D:2)
  2 dart slugs
  3 orcs
  6 endoplasms
  3 giant cockroaches
  3 goblins
  7 hobgoblins
  2 jackals (D:3)
  3 quokkas
  9 ball pythons
  4 bats
  7 frilled lizards
  6 kobolds
  9 rats
75 creatures vanquished.

Notes
Turn   | Place    | Note
-------+----------+-------------------------------------------
     0 | D:1      | qw the Naga Hunter began the quest for the Orb.
     0 | D:1      | Reached XP level 1. HP: 19/19 MP: 1/1
     0 | D:1      | 0 ||| qw: Version: 0.3-a-7-ge0c9b40
     0 | D:1      | 0 ||| qw: Game counter: 732
     0 | D:1      | 0 ||| qw: Always use a shield: true
     0 | D:1      | 0 ||| qw: God list: Okawaru
     0 | D:1      | 0 ||| qw: Allow faded altars: false
     0 | D:1      | 0 ||| qw: Do Orc after D:15 true
     0 | D:1      | 0 ||| qw: Do second Lair branch before Depths: true
     0 | D:1      | 0 ||| qw: Lair rune preference: random
     0 | D:1      | 0 ||| qw: Plans: Normal
     0 | D:1      | 0 ||| PLANNING D:1-11
    17 | D:1      | 17 ||| INVOKING Spit Poison.
    28 | D:1      | 28 ||| INVOKING Spit Poison.
    32 | D:1      | 32 ||| INVOKING Spit Poison.
    74 | D:1      | 74 ||| INVOKING Spit Poison.
   106 | D:1      | 106 ||| INVOKING Spit Poison.
   142 | D:1      | 142 ||| INVOKING Spit Poison.
   144 | D:1      | Reached skill level 4 in Ranged Weapons
   144 | D:1      | Reached XP level 2. HP: 26/26 MP: 2/2
   147 | D:1      | 147 ||| INVOKING Spit Poison.
   153 | D:1      | 153 ||| INVOKING Spit Poison.
   189 | D:1      | 189 ||| INVOKING Spit Poison.
   203 | D:1      | 203 ||| INVOKING Spit Poison.
   219 | D:1      | 219 ||| INVOKING Spit Poison.
   232 | D:1      | 232 ||| INVOKING Spit Poison.
   267 | D:1      | 267 ||| INVOKING Spit Poison.
   299 | D:1      | 299 ||| INVOKING Spit Poison.
   320 | D:1      | 320 ||| INVOKING Spit Poison.
   600 | D:1      | 600 ||| INVOKING Spit Poison.
   604 | D:1      | 604 ||| INVOKING Spit Poison.
   606 | D:1      | Reached XP level 3. HP: 30/32 MP: 3/3
   791 | D:1      | 791 ||| INVOKING Spit Poison.
   863 | D:1      | 863 ||| UPGRADING to +4 ring of slaying {mikee}.
   864 | D:1      | 864 ||| READING scroll labelled ELEOBR LUCK.
   865 | D:1      | 865 ||| READING scroll labelled COALLE QALURCH.
   866 | D:1      | 866 ||| DROPPING scroll of butterflies.
   902 | D:2      | Found Toenucei's Magic Scroll Shoppe.
   905 | D:2      | 905 ||| BUYING scroll of identify (28 gold).
   905 | D:2      | Bought a scroll of identify for 28 gold pieces
   905 | D:2      | 905 ||| SHOPLISTING scroll of identify (28 gold, have 5).
   905 | D:2      | 905 ||| SHOPLISTING scroll of teleportation (42 gold, have
                  | 5).
   924 | D:2      | 924 ||| INVOKING Spit Poison.
   929 | D:2      | 929 ||| INVOKING Spit Poison.
   932 | D:2      | 932 ||| INVOKING Spit Poison.
   935 | D:2      | 935 ||| INVOKING Spit Poison.
   939 | D:2      | 939 ||| FLEEEEING.
   986 | D:2      | 986 ||| INVOKING Spit Poison.
  1012 | D:2      | 1012 ||| INVOKING Spit Poison.
  1069 | D:2      | 1069 ||| INVOKING Spit Poison.
  1140 | D:2      | 1140 ||| INVOKING Spit Poison.
  1154 | D:2      | 1154 ||| INVOKING Spit Poison.
  1170 | D:2      | 1170 ||| INVOKING Spit Poison.
  1241 | D:2      | 1241 ||| INVOKING Spit Poison.
  1283 | D:2      | Found a faded altar of an unknown god.
  1284 | D:2      | 1284 ||| INVOKING Spit Poison.
  1286 | D:2      | Reached skill level 5 in Ranged Weapons
  1286 | D:2      | Reached XP level 4. HP: 39/39 MP: 4/4
  1488 | D:2      | 1488 ||| READING scroll labelled IROUDI LEUPUYH.
  1554 | D:2      | 1554 ||| READING scroll labelled UDODET JUMAIR.
  1555 | D:2      | 1555 ||| READING 2 scrolls of identify.
  1555 | D:2      | 1555 ||| IDENTIFYING fizzy coppery potion
  1578 | D:3      | 1578 ||| INVOKING Spit Poison.
  1584 | D:3      | 1584 ||| INVOKING Spit Poison.
  1586 | D:3      | Reached skill level 3 in Fighting
  1589 | D:3      | 1589 ||| INVOKING Spit Poison.
  1630 | D:3      | Found a runed translucent gate.
  1630 | D:3      | Identified the +4 spear "Aqyek Pisaepp" {heavy, Contam
                  | Str+2 Stlth+}
  1630 | D:3      | Noticed qw's ghost (amateur NaHu)
  1631 | D:3      | Found a runed translucent gate.
  1632 | D:3      | Found a runed translucent gate.
  1642 | D:3      | 1642 ||| INVOKING Spit Poison.
  1646 | D:3      | Reached XP level 5. HP: 49/49 MP: 5/5
  1659 | D:3      | 1659 ||| INVOKING Spit Poison.
  1663 | D:3      | 1663 ||| INVOKING Spit Poison.
  1676 | D:3      | 1676 ||| INVOKING Spit Poison.
  1683 | D:3      | 1683 ||| INVOKING Spit Poison.
  1732 | D:3      | 1732 ||| INVOKING Spit Poison.
  1840 | D:3      | Found a basalt altar of Yredelemnul.
  1851 | D:3      | 1851 ||| INVOKING Spit Poison.
  1856 | D:3      | 1856 ||| READING 2 scrolls labelled UNYOTEIRIT.
  1866 | D:3      | 1866 ||| INVOKING Spit Poison.
  1868 | D:3      | 1868 ||| DROPPING scroll of amnesia.
  1937 | D:3      | 1937 ||| INVOKING Spit Poison.
  2387 | D:3      | 2387 ||| INVOKING Spit Poison.
  2775 | D:4      | 2775 ||| INVOKING Spit Poison.
  2794 | D:4      | Noticed a +0 dagger
  2794 | D:4      | Noticed a +0 dagger
  2795 | D:4      | Found a hide-covered altar of Uskayaw.
  2838 | D:4      | 2838 ||| INVOKING Spit Poison.
  2859 | D:4      | 2859 ||| INVOKING Spit Poison.
  2865 | D:4      | 2865 ||| INVOKING Spit Poison.
  2867 | D:4      | Reached skill level 6 in Ranged Weapons
  2869 | D:4      | 2869 ||| INVOKING Spit Poison.
  2871 | D:4      | Reached XP level 6. HP: 56/56 MP: 6/6
  2872 | D:4      | 2872 ||| INVOKING Spit Poison.
  2876 | D:4      | 2876 ||| INVOKING Spit Poison.
  2878 | D:4      | HP: 14/56 [gnoll/+0 spear (9)]
  2881 | D:4      | 2881 ||| INVOKING Spit Poison.
  2881 | D:4      | HP: 5/56 [gnoll/+0 spear (6)]
  2882 | D:4      | Slain by a gnoll

Levels and vault maps discovered:
D:1:      psy_arrival_statuary, layout_basic, st_stairs_2
D:2:      layout_loops_ring, hellmonk_ecumenical_altar_slurped_away,
          serial_shops, nicolae_shop_behind_doors
D:3:      layout_rooms, mainiacjoe_overflow_cross_hatched,
          biasface_ghost_orc_armoury, small_statue_intersection
D:4:      layout_basic, dancing_weapons_uskayaw

Skill      XL: |  1  2  3  4  5 |
---------------+----------------+-----
Ranged Weapons | 4 5 6 |  6.0
Fighting       | 3 |  3.2
Dodging        | |  1.5
Stealth        | |  1.5

Action                     |  1- 3 |  4- 6 || total
---------------------------+-------+-------++-------
   Fire: Shortbow          |    57 |    65 ||   122
Ability: Spit Poison       |    30 |    21 ||    51
    Use: Scroll            |     2 |     4 ||     6
 Armour: Leather armour    |     5 |     4 ||     9
  Dodge: Dodged            |     7 |     9 ||    16

Table legend:
 A = Non-vault XP
 B = Vault XP
 C = Vault XP percentage of total XP
 D = Non-vault monster count
 E = Vault monster count
 F = Vault count percentage of total count
                 A         B        C        D         E       F
            +---------+---------+-------+---------+---------+-------
      Total |     335 |       6 |   1.8 |      71 |       4 |   5.3
            +---------+---------+-------+---------+---------+-------
        D:1 |      31 |       4 |  11.4 |      20 |       3 |  13.0
        D:2 |      45 |       2 |   4.3 |      20 |       1 |   4.8
        D:3 |     131 |       0 |   0.0 |      24 |       0 |   0.0
        D:4 |     128 |       0 |   0.0 |       7 |       0 |   0.0
            +---------+---------+-------+---------+---------+-------
